 Dungeon Crawl Stone Soup version 0.31-a0-142-g31f6795574 (webtiles) character file.

Game seed: 11554408010839304315

3412 Gargoyl the Twirler (level 10, -10/60 HPs)
             Began as a Gargoyle Berserker on June 3, 2023.
             Was a Believer of Trog.
             Mangled by an orc warrior
             ... wielding a +0 battleaxe
              (12 damage)
             ... on level 7 of the Dungeon.
             The game lasted 00:08:24 (4818 turns).

Gargoyl the Twirler (Gargoyle Berserker)            Turns: 4818, Time: 00:08:25

Health: -10/60     AC: 22    Str: 22    XL:     10   Next: 4%
Magic:  10/10      EV: 10    Int:  7    God:    Trog [**....]
Gold:   363        SH:  5    Dex: 13    Spells: 9/9 levels left

rFire   . . .        o - +3 quarterstaff (chaos)
rCold   + . .        (shield currently unavailable)
rNeg    + . .        m - +0 chain mail
rPois   ∞            (no helmet)
rElec   +            n - +1 cloak
rCorr   +            k - +0 pair of gloves
SInv    .            B - +0 pair of boots
Will    .....        v - amulet of reflection Stlth
                     r - ring of resist corrosion
HPRegen 0.30/turn    x - ring of protection from cold
MPRegen 0.12/turn

%: reflection, clarity
@: no status effects
A: sickness immunity, AC +7, negative energy resistance 1, electricity
resistance, torment resistance 1, petrification resistance, hooves 1, clarity
a: Renounce Religion, Berserk, Trog's Hand


You were on level 7 of the Dungeon.
You worshipped Trog.
Trog was pleased with you.
You visited 1 branch of the dungeon, and saw 7 of its levels.

You collected 363 gold pieces.

Inventory:

Hand Weapons
 a - a +0 heavy hand axe
 g - a +2 vampiric spear
 l - a +0 war axe
 o - a +3 quarterstaff of chaos (weapon)
Missiles
 c - a javelin (quivered)
Armour
 k - a +0 pair of gloves (worn)
 m - a +0 chain mail (worn)
 n - a +1 cloak (worn)
 B - a +0 pair of boots (worn)
Jewellery
 r - a ring of resist corrosion (left hand)
 v - an amulet of reflection (around neck)
 x - a ring of protection from cold (right hand)
Wands
 b - a wand of paralysis (8)
Scrolls
 i - a scroll of teleportation
Potions
 d - 5 potions of curing
 e - 3 potions of resistance
 h - a potion of ambrosia
 j - a potion of attraction {unknown}
 p - a potion of lignification {unknown}
 q - a potion of might {unknown}
 s - a potion of magic {unknown}
 t - 4 potions of heal wounds {unknown}
 u - a potion of cancellation {unknown}
 w - a potion of enlightenment {unknown}
 z - a potion of brilliance {unknown}
 C - a potion of mutation


   Skills:
 + Level 6.1 Fighting
 * Level 6.4 Axes
 + Level 7.6 Staves
 + Level 0.9 Throwing
 + Level 6.0 Armour
 * Level 4.9 Dodging
 + Level 3.2 Shields


You had 9 spell levels left.
You didn't know any spells.
Your spell library was empty.

Dungeon Overview and Level Annotations

Branches:
Dungeon (7/15)             Temple (0/1) D:6

Altars:
Dithmenos
Okawaru
Qazlal

Shops:
D:2 (   D:7 (


Innate Abilities, Weirdness & Mutations

You are immune to sickness and miasma.
Your stone body is resilient. (AC +7)
You are immune to poison.
You resist negative energy. (rN+)
You are resistant to electric shocks. (rElec)
You are resistant to unholy torment.
You are immune to petrification.
You have large cloven feet.
You possess an exceptional clarity of mind.


Message History

Blink to where?
Press: ? - help, Dir - move target
As you read the scroll labelled HEBAQ KEMEA, it crumbles to dust.
It was a scroll of blinking.
As you read the scroll labelled HATSIJ MOSTEB, it crumbles to dust.
It is a scroll of enchant armour.
Your +0 cloak glows green for a moment.
As you read the scroll of identify, it crumbles to dust.
h - a potion of ambrosia An orc warrior comes into view.
It is wielding a +0 battleaxe.
The orc warrior shouts!
A scorpion comes into view.
There are monsters nearby!
There are monsters nearby!
The scorpion barely misses you.
You thump the scorpion! Lightning courses through the scorpion!
You kill the scorpion!
Trog accepts your kill.
You see here a scorpion corpse.
You see here a scorpion corpse.
The orc warrior hits you but does no damage.
You hit the orc warrior.
The orc warrior goes berserk!
The orc warrior is lightly wounded.
The orc warrior hits you with a +0 battleaxe.
You block the orc warrior's attack.
You barely miss the orc warrior.
The orc warrior is lightly wounded.
The orc warrior hits you with a +0 battleaxe!
You barely miss the orc warrior.
The orc warrior is lightly wounded.
The orc warrior closely misses you.
The orc warrior hits you with a +0 battleaxe!!
You hit the orc warrior but do no damage.
The orc warrior is lightly wounded.
The orc warrior hits you with a +0 battleaxe!!
* * * LOW HITPOINT WARNING * * *
You barely miss the orc warrior.
The orc warrior is lightly wounded.
The orc warrior hits you with a +0 battleaxe!
You die...

.......###.###+###.## .
#....#..#........... #.#
##..#.##†##.###.#..# ..
..#.#..#...## ....
.###.##.#†#####..####...
.o.....#..#....#.#..#...
.##.###...##.##..#.##.#
......o.#####..:......#
###+###@# #.#######.#
#†# #.# #.# #.# #.# #.##
#..# ..+ #... #.#.. #.#
#.## #..#.##.# #.## #.#
.#..#######..# ... .
.......... .## #
.###....#♣


You could see an orc warrior (berserk).

Vanquished Creatures
  Pikel (D:6)
  Grinder (D:6)
  Sigmund (D:3)
  2 steam dragons
  A water moccasin (D:5)
  Duvessa (D:6)
  An ice beast (D:6)
  A black bear (D:5)
  4 ogres
  2 kobold brigands
  2 bullfrogs (D:7)
  4 scorpions
  4 wights (D:6)
  Dowan (D:6)
  2 howler monkeys
  4 orc priests
  Crazy Yiuf (D:2)
  3 hounds
  2 jellies
  3 sleepcaps
  8 iguanas
  An orc wizard (D:6)
  6 adders
  5 gnolls
  A shadow imp (D:5)
  An ufetubus (D:4)
  A worm (D:2)
  4 dart slugs
  15 orcs
  6 bats
  9 endoplasms
  5 giant cockroaches
  12 goblins
  8 hobgoblins
  3 jackals (D:1)
  2 quokkas
  9 ball pythons
  4 frilled lizards
  21 kobolds
  6 rats
168 creatures vanquished.

Notes
Turn   | Place    | Note
-------+----------+-------------------------------------------
     0 | D:1      | Gargoyl the Gargoyle Berserker began the quest for the Orb.
     0 | D:1      | Reached XP level 1. HP: 14/14 MP: 1/1
   169 | D:1      | Reached XP level 2. HP: 19/19 MP: 2/2
   497 | D:1      | Reached XP level 3. HP: 21/24 MP: 3/3
   634 | D:1      | Reached ** piety under Trog
  1102 | D:2      | Found Vutixafa's Antique Weapon Boutique.
  1413 | D:2      | Reached XP level 4. HP: 29/29 MP: 4/4
  1498 | D:2      | Found a runed translucent door.
  1499 | D:2      | Noticed Crazy Yiuf
  1615 | D:2      | Killed Crazy Yiuf
  1761 | D:3      | Reached XP level 5. HP: 33/33 MP: 5/5
  2050 | D:3      | Noticed Sigmund
  2059 | D:3      | Killed Sigmund
  2060 | D:3      | Reached skill level 2 in Staves
  2060 | D:3      | Reached XP level 6. HP: 38/38 MP: 6/6
  2429 | D:4      | Found an iron altar of Okawaru.
  2448 | D:4      | Reached XP level 7. HP: 44/44 MP: 7/7
  2516 | D:4      | Reached skill level 3 in Staves
  2879 | D:4      | Reached skill level 4 in Staves
  2888 | D:4      | Reached skill level 5 in Axes
  2888 | D:4      | Reached XP level 8. HP: 48/48 MP: 8/8
  3072 | D:5      | Entered Level 5 of the Dungeon
  3230 | D:5      | Reached skill level 1 in Shields
  3338 | D:5      | Reached skill level 5 in Staves
  3620 | D:5      | Reached skill level 5 in Fighting
  3710 | D:5      | Found a shadowy altar of Dithmenos.
  3969 | D:6      | Gained mutation: You have large cloven feet. [potion of
                  | mutation]
  3969 | D:6      | Gained mutation: You possess an exceptional clarity of
                  | mind. [potion of mutation]
  3976 | D:6      | Noticed Grinder
  3992 | D:6      | Reached XP level 9. HP: 33/54 MP: 9/9
  3996 | D:6      | Reached skill level 6 in Staves
  4001 | D:6      | Killed Grinder
  4012 | D:6      | Reached skill level 5 in Armour
  4081 | D:6      | Reached *** piety under Trog
  4217 | D:6      | Identified the staff of earth "Tooh" {rC+ Will+ Int-3
                  | Dex+3}
  4238 | D:6      | Noticed Duvessa
  4238 | D:6      | Noticed Dowan
  4247 | D:6      | Killed Duvessa
  4250 | D:6      | Killed Dowan
  4333 | D:6      | Noticed Pikel
  4340 | D:6      | Reached skill level 7 in Staves
  4342 | D:6      | Killed Pikel
  4500 | D:6      | Found a staircase to the Ecumenical Temple.
  4660 | D:7      | Found a stormy altar of Qazlal.
  4667 | D:7      | Reached XP level 10. HP: 50/60 MP: 10/10
  4733 | D:7      | Found Joirigie's Weapon Boutique.
  4817 | D:7      | HP: 2/60 [orc warrior/+0 battleaxe (19)]
  4818 | D:7      | Mangled by an orc warrior

Illustrated notes

Levels and vault maps discovered:
D:1:      dpeg_arrival_castle, layout_loops_ring
D:2:      minmay_door_path, layout_rooms, serial_shops,
          nicolae_shop_hallway_plus, serial_forest, infiniplex_forest_split,
          infiniplex_forest_zigzag_1, infiniplex_forest_clump_diagonal,
          infiniplex_forest_split, infiniplex_forest_join,
          infiniplex_forest_lined_4_way, infiniplex_forest_3_way,
          wad_floor_pattern_untrapped, uniq_crazy_yiuf_cottage
D:3:      layout_loops_ring, grunt_ministairs_13, uniq_sigmund
D:4:      cheibrodos_barr_body, layout_basic, okawaru_trees_1
D:5:      layout_cave_pods, nicolae_dithmenos_the_darkroom
D:6:      layout_rooms, minmay_temple_entry_wispy, minmay_checkerbox,
          uniq_pikel, uniq_duvessa, uniq_grinder
D:7:      layout_basic, general_overflow_altar, mainiacjoe_overflow_alcove_2,
          lemuel_doored_altar, enter_bailey_5, serial_shops, nicolae_shop_trees,
          minmay_shattered_shrine

Skill      XL: |  1  2  3  4  5  6  7  8  9 10 |
---------------+-------------------------------+-----
Axes           | 3 4 5 6 |  6.4
Fighting       | 4 5 6 |  6.1
Dodging        | 2 3 4 |  4.9
Staves         | 2 4 5 7 |  7.6
Armour         | 3 4 5 6 |  6.0
Shields        | 1 3 |  3.2
Throwing       | |  0.9

Action                     |  1- 3 |  4- 6 |  7- 9 | 10-12 || total
---------------------------+-------+-------+-------+-------++-------
  Melee: Hand axe          |   147 |     6 |       |       ||   153
         Punch             |     1 |       |       |       ||     1
         Quarterstaff      |       |    77 |   249 |    13 ||   339
         Kick              |       |       |    21 |       ||    21
  Throw: Javelin           |       |     2 |     6 |       ||     8
 Invoke: Berserk           |     2 |     4 |     8 |       ||    14
         Trog's Hand       |       |     3 |    11 |       ||    14
    Use: Scroll            |     4 |     2 |     5 |     3 ||    14
         Potion            |       |       |     1 |       ||     1
   Stab: Paralysed         |       |     1 |       |       ||     1
         Petrifying        |       |     1 |       |       ||     1
 Armour: Animal skin       |    40 |       |       |       ||    40
         Ring mail         |    22 |       |       |       ||    22
         Chain mail        |     2 |    76 |   199 |     3 ||   280
  Dodge: Dodged            |    97 |    53 |   158 |     6 ||   314
  Block: Other             |       |     4 |    71 |     1 ||    76

Table legend: (Time is in decaauts)
 A = Elapsed time spent in this place.
 B = Non-inter-level travel time spent in this place.
 C = Inter-level travel time spent in this place.
 D = Time resting spent in this place.
 E = Time spent auto-exploring this place.
 F = Levels seen in this place.
 G = Mean time per level.
                   A        B        C        D        E       F      G
               +--------+--------+--------+--------+--------+-----+--------+
         Total |   4997 |   4845 |    152 |      0 |   3410 |   7 |  713.9 |
       Dungeon |   4997 |   4845 |    152 |      0 |   3410 |   7 |  713.9 |
               +--------+--------+--------+--------+--------+-----+--------+

Top non-repeatable levels by time:
     D:2: 952 daAuts
     D:5: 900 daAuts
     D:1: 767 daAuts
     D:3: 757 daAuts
     D:4: 723 daAuts
     D:6: 651 daAuts
     D:7: 244 daAuts
